 Dungeon Crawl Stone Soup version 0.26.1-11-gd32895ea62 (webtiles) character file.

Game seed: 14017619261278859442

127423 nothank2 the Hoplite (level 16, -13/129 HPs)
             Began as a Minotaur Fighter on June 22, 2021.
             Was the Champion of Hepliaklqana.
             Killed from afar by a deep elf mage (25 damage)
             ... with a bolt of lightning
             ... on level 2 of the Elven Halls on June 23, 2021.
             The game lasted 01:29:57 (28905 turns).

nothank2 the Hoplite (Minotaur Fighter)            Turns: 28905, Time: 01:29:58

Health: -13/129    AC: 24    Str: 31    XL:     16   Next: 46%
Magic:  15/15      EV: 30    Int:  5    God:    Hepliaklqana [******]
Gold:   1800       SH: 30    Dex: 11    Spells: 15/15 levels left

rFire    + . .     SeeInvis .   i - +2 scimitar (flame)
rCold    . . .     Faith    .   I - +4 tower shield
rNeg     . . .     Spirit   .   N - +5 scale mail of Benwough {+Fly}
rPois    +         Reflect  .   P - +2 hat "Epseunuc" {-Tele Harm +Inv rCorr}
rElec    .         Harm     +   q - +0 cloak
rCorr    +         Rampage  .   Y - +2 pair of gloves
Will     +....     NoTele   +   U - +2 pair of boots
Stlth    ..........             v - amulet of the acrobat
HPRegen  0.31/turn              l - ring "Qimpaukk" {*Slow rPois rCorr Str+4}
MPRegen  0.14/turn              d - ring of protection from fire

@: acrobat
A: retaliatory headbutt, reduced essence, horns 2
a: Renounce Religion, Evoke Invisibility, Evoke Flight, Recall Ancestor,
Ancestor Identity, Transference, Idealise


You were on level 2 of the Elven Halls.
You worshipped Hepliaklqana.
Hepliaklqana was exalted by your worship.
You visited 5 branches of the dungeon, and saw 23 of its levels.
You also visited: Sewer.

You collected 2390 gold pieces.
You spent 590 gold pieces at shops.

Inventory:

Hand Weapons
 a - a +1 long sword
 c - a +2 flail of freezing
 i - a +2 scimitar of flaming (weapon)
 S - a +3 scimitar of holy wrath
 T - a +3 scimitar of draining
Missiles
 u - 75 poisoned darts (quivered)
Armour
 q - a +0 cloak (worn)
 D - a +2 chain mail of cold resistance
 I - a +4 tower shield (worn)
 N - the +5 scale mail of Benwough (worn) {+Fly}
   (You found it on level 9 of the Dungeon)

   It lets you fly.
 P - the +2 hat "Epseunuc" (worn) {-Tele Harm +Inv rCorr}
   (You found it on level 1 of the Lair of Beasts)

   It lets you turn invisible.
   It prevents most forms of teleportation.
   It provides partial protection from all sources of acid and corrosion.
   It increases damage dealt and taken.
 U - a +2 pair of boots (worn)
 Y - a +2 pair of gloves (worn)
Jewellery
 d - a ring of protection from fire (right hand)
 f - an uncursed ring of protection from cold
 l - the ring "Qimpaukk" (left hand) {*Slow rPois rCorr Str+4}
   (You found it on level 4 of the Dungeon)

   [ring of resist corrosion]

   It affects your strength (+4).
   It protects you from poison.
   It provides partial protection from all sources of acid and corrosion.
   It may slow you when you take damage.
 m - a +6 ring of strength
 v - an amulet of the acrobat (around neck)
 y - a +4 ring of evasion
 z - a +4 ring of protection
 G - an uncursed amulet of faith {unknown}
 R - an uncursed ring of positive energy
 W - an uncursed ring of see invisible {unknown}
Wands
 g - a wand of digging (12)
 p - a wand of random effects (68)
 F - a wand of acid (22)
 J - a wand of flame (16)
 K - a wand of polymorph (6)
 L - a wand of iceblast (5)
Scrolls
 b - a scroll of brand weapon
 h - 3 scrolls of blinking
 n - 11 scrolls of amnesia
 r - 8 scrolls of identify
 s - 11 scrolls of remove curse
 C - 5 scrolls of teleportation
 O - 5 scrolls of magic mapping
 Q - a scroll of vulnerability {unknown}
 V - a scroll of holy word
 Z - 4 scrolls of enchant weapon
Potions
 e - 4 potions of might
 j - 2 potions of resistance
 k - 8 potions of curing
 o - 2 potions of berserk rage
 t - 4 potions of brilliance
 w - a potion of cancellation
 x - 12 potions of heal wounds
 A - 2 potions of invisibility
 B - 4 potions of flight
 E - 3 potions of lignification
 H - a potion of magic
 M - 6 potions of ambrosia


   Skills:
 * Level 13.3 Fighting
 - Level 14.0 Long Blades
 - Level 1.5 Maces & Flails
 - Level 0.2 Throwing
 * Level 11.9 Armour
 * Level 9.5 Dodging
 + Level 23.5 Shields


You had 15 spell levels left.
You didn't know any spells.
Your spell library contained the following spells:

 Spells                   Type           Power        Failure   Level
 Beastly Appendage        Tmut           0%           75%         1
 Corona                   Hex            0%           75%         1
 Sandblast                Erth           0%           75%         1
 Corpse Rot               Necr/Air       N/A          86%         2
 Ensorcelled Hibernation  Hex/Ice        0%           86%         2
 Passwall                 Tmut/Erth      0%           86%         2
 Wereblood                Tmut           0%           86%         2
 Confusing Touch          Hex            0%           98%         3
 Dazzling Flash           Conj/Hex       0%           98%         3
 Mephitic Cloud           Conj/Pois/Air  0%           98%         3
 Spider Form              Tmut/Pois      0%           98%         3
 Stone Arrow              Conj/Erth      0%           98%         3
 Tukima's Dance           Hex            0%           98%         3
 Ice Form                 Ice/Tmut       0%           100%        4
 Petrify                  Tmut/Erth      0%           100%        4
 Sticky Flame             Conj/Fire      0%           100%        4
 Blade Hands              Tmut           0%           100%        5
 Bolt of Magma            Conj/Fire/Erth 0%           100%        5
 Iskenderun's Battlesphe  Conj           0%           100%        5
 Lee's Rapid Deconstruct  Erth           0%           100%        5
 Summon Forest            Summ/Tloc      0%           100%        5
 Eringya's Noxious Bog    Tmut/Pois      0%           100%        6
 Hydra Form               Tmut           0%           100%        6
 Iron Shot                Conj/Erth      0%           100%        6
 Starburst                Conj/Fire      0%           100%        6
 Orb of Destruction       Conj           0%           100%        7
 Spellforged Servitor     Conj/Summ      0%           100%        7
 Summon Hydra             Summ           0%           100%        7


Dungeon Overview and Level Annotations

Branches:
Dungeon (12/15)            Temple (1/1) D:7            Lair (6/6) D:10
 Shoals (0/4) Lair:2       Spider (0/4) Lair:4        Slime (0/5) Lair:6
    Orc (2/2) D:12            Elf (2/3) Orc:2         Sewer (visited)

Altars:
Ashenzari
Elyvilon
Gozag
Hepliaklqana
Kikubaaqudgha
Makhleb
Okawaru
Qazlal
Ru
Sif Muna
Trog
Uskayaw
Vehumet
Xom
Zin
The Shining One
Beogh

Shops:
D:7 [   Orc:2 !*?[   Elf:1 (   Elf:2 !

Annotations:
Lair:5 exclusion: 4 oklob plants


Innate Abilities, Weirdness & Mutations

You reflexively headbutt those who attack you in melee.
You have a pair of horns on your head.
Your life essence is reduced to manifest your ancestor. (-10% HP)


Message History

The deep elf mage gestures at you while chanting.
The bolt of lightning misses you. You block the deep elf mage's attack.
The deep elf mage gestures at you while chanting.
The lance of force hits Shiptu!
Shiptu is knocked back by the lance of force.
The battlesphere fires!
The barrage of energy hits Shiptu!
You block the deep elf mage's attack.
Shiptu gestures at the battlesphere while chanting.
The stone arrow hits the battlesphere!!
The battlesphere is destroyed!
The deep elf mage casts a spell at you.
The lance of force hits Shiptu!!
Shiptu is destroyed!
You see here 27 stones.
A deep elf mage opens the door.
You feel yourself speed up.
The deep elf mage points at you and mumbles some strange words.
The bolt of lightning hits you!!
You die...

.....#####################...#
.....#...................#...#
.....#.*...).§....e......#...#
.e...#.e#'######'######..#...#
.e...#.R#..∩..........#..#>..#
....(#..#.............#..#...#
.....#..#.............#..#...#
#..######'########..#...#
#...e..e(.e@.......e#e..#
#..................)'...#
#..#######+#######..#...#
#..#.............#..#...#
#..#............)#..#...#
#..#.............'..#...#
#..'..........?..#..#...#
#.)###############..#)..#
#..............(.(..#...#


You could see a deep elf archer (repels missiles) and 2 deep elf magi.

Vanquished Creatures
  A deep elf sorcerer (Elf:1)
  Azrael (Orc:2)
  A dire elephant (Lair:3)
  The ghost of dtburroughs the Cleaver, a journeyman MiBe of Trog (Lair:1)
  A boulder beetle (D:11)
  4 hydras
  A death knight (D:12)
  10 death yaks
  A two-headed ogre (D:12)
  Urug (D:11)
  10 dancing weapons
  9 deep elf knights
  A skeletal warrior (D:12)
  An unseen horror (D:10)
  6 deep elf archers
  33 deep elf magi
  6 orc sorcerers
  An ugly thing (D:12)
  2 cyclopes
  18 elephants
  An oklob plant (Lair:2)
  A moth of wrath (Lair:1)
  5 black mambas
  A centaur skeleton (D:11)
  4 rime drakes
  A gargoyle (D:11)
  23 cane toads
  12 komodo dragons
  A tyrant leech (Lair:6)
  3 trolls
  Prince Ribbit (D:5)
  A hornet (D:11)
  4 jumping spiders (Lair:4)
  24 blink frogs
  5 slime creatures (D:12)
  A redback (Lair:4)
  Eustachio (D:4)
  2 water elementals (Elf:1)
  46 yaks
  2 wraiths (D:12)
  2 basilisks
  7 fire elementals
  A wyvern (Lair:5)
  4 vampire mosquitoes (Lair:6)
  4 wargs (Orc:2)
  3 hell hounds (Orc:2)
  21 water moccasins
  8 orc warriors
  3 black bears
  Purgy (Sewer)
  3 ice beasts
  2 phantoms
  An eye of draining (D:11)
  8 ogres
  2 necrophages
  11 wolves
  7 centaurs
  Blork the orc (D:4)
  5 big kobolds
  26 bullfrogs
  3 earth elementals
  6 scorpions
  3 killer bees (D:8)
  A troll zombie (D:12)
  8 wights
  A howler monkey (D:6)
  5 electric eels
  8 jellies
  2 bullfrog zombies
  A centaur zombie (D:10)
  A quasit (D:8)
  2 bullfrog skeletons
  7 hounds
  Crazy Yiuf (D:2)
  12 orc priests
  31 orc wizards
  Jessica (D:4)
  3 iguanas
  Ijyb (D:4)
  Natasha (twice) (D:2)
  Terence (D:2)
  7 worker ants
  2 ogre zombies (D:12)
  A hound zombie (D:6)
  3 hound skeletons
  2 worker ant zombies (D:9)
  Robin (D:2)
  21 gnolls
  11 adders
  A river rat (D:5)
  2 white imps
  3 oozes
  An ufetubus (D:9)
  An adder skeleton (D:8)
  4 worms
  A dart slug (D:1)
  9 leopard geckos
  71 orcs
  A bat zombie (D:5)
  7 giant cockroaches
  11 goblins
  10 hobgoblins
  5 jackals
  28 kobolds
  4 quokkas
  A ball python (D:7)
  14 bats
  12 frilled lizards
  A goblin skeleton (D:12)
  2 hobgoblin skeletons (D:12)
  3 hobgoblin zombies (D:12)
  A jackal zombie (D:5)
  A leopard gecko zombie (D:6)
  An orc skeleton (D:12)
  5 orc zombies (D:12)
  6 rats
722 creatures vanquished.

Vanquished Creatures (collateral kills)
  Snorg (D:12)
  4 hydras
  5 dancing weapons
  3 deep elf knights
  4 deep elf archers
  A phantasmal warrior (D:12)
  7 deep elf magi
  3 orc sorcerers (Orc:2)
  A cyclops (D:12)
  A manticore (D:12)
  9 elephants
  6 cane toads
  A komodo dragon (Lair:6)
  A rime drake (Lair:4)
  A freezing wraith (D:12)
  2 trolls
  A jumping spider (Lair:4)
  2 tyrant leeches (Lair:6)
  14 blink frogs
  An air elemental (Elf:2)
  A water elemental (Elf:1)
  A spriggan (Lair:3)
  A shadow (D:12)
  13 yaks
  2 wyverns
  A fire elemental (Orc:2)
  3 basilisks
  2 vampire mosquitoes (Lair:6)
  3 wargs (Orc:2)
  A hell hound (Orc:2)
  6 water moccasins
  4 orc warriors
  3 wolves
  A phantom (D:12)
  3 ogres
  A centaur (D:11)
  A wyvern zombie (D:10)
  An earth elemental (Elf:2)
  A troll zombie (D:12)
  2 wights (D:9)
  A killer bee (D:8)
  A hound (D:12)
  15 orc wizards
  A worker ant (D:12)
  2 ogre zombies (D:12)
  An adder (D:12)
  15 orcs
  A giant cockroach (D:4)
  A kobold (D:11)
  A goblin skeleton (D:12)
  A hobgoblin skeleton (D:12)
  2 hobgoblin zombies (D:12)
  An orc zombie (D:12)
162 creatures vanquished.

Vanquished Creatures (others)
  2 deep elf knights (Elf:1)
  A bullfrog (D:11)
  An orc wizard (Orc:2)
  18 battlemagi
  An ancestor (D:9)
  An orc (Orc:2)
  90 fungi
  164 plants
278 creatures vanquished.

Grand Total: 1162 creatures vanquished

Notes
Turn   | Place    | Note
-------+----------+-------------------------------------------
     0 | D:1      | nothank2 the Minotaur Fighter began the quest for the Orb.
     0 | D:1      | Reached XP level 1. HP: 19/19 MP: 0/0
   116 | D:1      | Reached XP level 2. HP: 26/26 MP: 1/1
   559 | D:1      | Reached XP level 3. HP: 31/31 MP: 2/2
  1056 | D:2      | Found a shimmering altar of Xom.
  1079 | D:2      | Reached skill level 5 in Long Blades
  1295 | D:2      | Noticed Robin
  1301 | D:2      | Reached XP level 4. HP: 39/39 MP: 3/3
  1306 | D:2      | Killed Robin
  1609 | D:2      | Noticed Natasha
  1616 | D:2      | Killed Natasha
  1690 | D:2      | Reached XP level 5. HP: 24/45 MP: 4/4
  1703 | D:2      | Noticed Terence
  1884 | D:2      | Killed Terence
  2352 | D:2      | Found a runed translucent door.
  2353 | D:2      | Noticed Crazy Yiuf
  2362 | D:2      | Killed Crazy Yiuf
  2392 | D:2      | Reached XP level 6. HP: 17/51 MP: 3/5
  2694 | D:2      | Noticed Natasha
  2703 | D:2      | Killed Natasha
  2869 | D:3      | Found a radiant altar of Vehumet.
  2910 | D:3      | Found a stormy altar of Qazlal.
  3411 | D:4      | Noticed Blork the orc
  3427 | D:4      | Killed Blork the orc
  3528 | D:4      | Noticed Ijyb
  3529 | D:4      | Noticed a water moccasin
  3535 | D:4      | Killed Ijyb
  3542 | D:4      | Killed a water moccasin
  3543 | D:4      | Reached XP level 7. HP: 34/57 MP: 6/6
  3815 | D:4      | Got a twitching silver ring
  3859 | D:4      | Found a white marble altar of Elyvilon.
  3920 | D:4      | Noticed Eustachio
  3962 | D:4      | Killed Eustachio
  3963 | D:4      | Reached skill level 10 in Long Blades
  4101 | D:4      | Noticed Jessica
  4106 | D:4      | Killed Jessica
  4112 | D:4      | Found a shimmering blue altar of Sif Muna.
  4365 | D:5      | Entered Level 5 of the Dungeon
  4549 | D:5      | Noticed Prince Ribbit
  4561 | D:5      | Found a radiant altar of Vehumet.
  4761 | D:5      | Killed Prince Ribbit
  4762 | D:5      | Reached XP level 8. HP: 42/64 MP: 5/7
  4987 | D:5      | Found a glowing drain.
  4991 | Sewer    | Entered a sewer
  5113 | Sewer    | Noticed Purgy
  5121 | Sewer    | Killed Purgy
  5317 | D:5      | Found an opulent altar of Gozag.
  5587 | D:5      | Found an ancient bone altar of Kikubaaqudgha.
  6369 | D:6      | You fall into a shaft and drop 1 floor!
  6544 | D:6      | Reached XP level 9. HP: 70/70 MP: 8/8
  7015 | D:7      | Found a shimmering blue altar of Sif Muna.
  7425 | D:7      | Found Iluag's Antique Armour Shoppe.
  7431 | D:7      | Bought a tower shield for 94 gold pieces
  7498 | D:7      | Found a staircase to the Ecumenical Temple.
  7947 | D:8      | Reached skill level 4 in Shields
  8027 | D:8      | Found a broken altar of Ashenzari.
  8165 | D:8      | Reached skill level 5 in Armour
  8258 | Temple   | Entered the Ecumenical Temple
  8355 | Temple   | Became a worshipper of Hepliaklqana the Forgotten
  8454 | D:8      | Reached skill level 5 in Shields
  8455 | D:8      | Reached skill level 5 in Fighting
  8728 | D:8      | Found a roughly hewn altar of Beogh.
  8746 | D:8      | Reached skill level 6 in Shields
  9071 | D:8      | Reached skill level 7 in Shields
  9273 | D:9      | Got a bloodstained scale mail
  9299 | D:9      | Identified the +5 scale mail of Benwough {+Fly} (You found
                  | it on level 9 of the Dungeon)
  9372 | D:9      | Reached * piety under Hepliaklqana
  9488 | D:9      | Noticed a troll
  9502 | D:9      | Killed a troll
  9503 | D:9      | Reached skill level 8 in Shields
  9503 | D:9      | Reached XP level 10. HP: 50/72 MP: 6/9
  9723 | D:9      | Reached skill level 9 in Shields
 10329 | D:9      | Found a sacrificial altar of Ru.
 10496 | D:10     | Entered Level 10 of the Dungeon
 10580 | D:10     | Found a staircase to the Lair.
 10596 | D:10     | Reached skill level 10 in Shields
 10657 | D:10     | Reached ** piety under Hepliaklqana
 10664 | D:10     | Remembered your ancestor Shiptu as a battlemage
 11168 | D:10     | Killed an unseen horror
 11169 | D:10     | Reached skill level 11 in Shields
 11363 | Lair:1   | Entered Level 1 of the Lair of Beasts
 11363 | Lair:1   | Found a transporter.
 11363 | Lair:1   | Noticed dtburroughs's ghost (journeyman MiBe)
 11365 | Lair:1   | Noticed a cane toad
 11371 | Lair:1   | Killed a cane toad
 11375 | Lair:1   | Noticed a cane toad
 11377 | Lair:1   | Noticed a moth of wrath
 11386 | Lair:1   | Killed a cane toad
 11392 | Lair:1   | Noticed a cane toad
 11393 | Lair:1   | Found a transporter.
 11410 | Lair:1   | Reached skill level 12 in Shields
 11541 | Lair:1   | Noticed a cane toad
 11550 | Lair:1   | Killed a cane toad
 11643 | Lair:1   | Noticed a cane toad
 11660 | Lair:1   | Killed a cane toad
 11669 | Lair:1   | Reached skill level 13 in Shields
 11888 | Lair:1   | Reached XP level 11. HP: 77/77 MP: 10/10
 12081 | Lair:1   | Reached skill level 14 in Shields
 12752 | Lair:1   | Noticed a four-headed hydra
 12855 | Lair:2   | Noticed an eight-headed hydra
 13007 | D:11     | Noticed a six-headed hydra
 13018 | D:11     | Reached skill level 15 in Shields
 13287 | D:11     | Noticed Urug
 13341 | D:11     | Killed Urug
 13342 | D:11     | Reached skill level 1 in Maces & Flails
 13606 | D:11     | Reached skill level 16 in Shields
 13736 | D:11     | Killed a six-headed hydra
 13746 | D:11     | Reached XP level 12. HP: 36/84 MP: 6/11
 13801 | D:11     | Reached skill level 17 in Shields
 14089 | D:11     | Identified the ring "Qimpaukk" {*Slow rPois rCorr Str+4}
                  | (You found it on level 4 of the Dungeon)
 14113 | D:11     | Reached *** piety under Hepliaklqana
 14208 | D:11     | Noticed a boulder beetle
 14239 | D:11     | Killed a boulder beetle
 15050 | D:12     | Reached skill level 18 in Shields
 15216 | D:12     | Found a staircase to the Orcish Mines.
 15398 | D:12     | Noticed a two-headed ogre
 15403 | D:12     | Killed a two-headed ogre
 15403 | D:12     | Noticed a death knight
 15432 | D:12     | Killed a death knight
 15454 | D:12     | Reached skill level 19 in Shields
 16181 | D:12     | Noticed Snorg
 16192 | D:12     | Killed Snorg
 16495 | Lair:1   | Killed dtburroughs's ghost
 16496 | Lair:1   | Reached XP level 13. HP: 49/90 MP: 9/12
 16498 | Lair:1   | Got a slimy hat
 16672 | Lair:1   | Identified the +2 hat "Epseunuc" {-Tele Harm +Inv rCorr}
                  | (You found it on level 1 of the Lair of Beasts)
 16893 | Lair:2   | Reached skill level 20 in Shields
 17354 | Lair:2   | You fall into a shaft and drop 2 floors!
 17363 | Lair:4   | Reached skill level 1 in Dodging
 17471 | Lair:3   | Reached **** piety under Hepliaklqana
 18281 | Lair:2   | Found a staircase to the Shoals.
 18383 | Lair:2   | Reached ***** piety under Hepliaklqana
 18830 | Lair:3   | Noticed a dire elephant
 18847 | Lair:3   | Killed a dire elephant
 18848 | Lair:3   | Reached skill level 21 in Shields
 19302 | Lair:3   | Reached XP level 14. HP: 102/102 MP: 13/13
 20016 | Lair:4   | Found a hole to the Spider Nest.
 21054 | Lair:5   | Reached skill level 5 in Dodging
 21954 | Lair:6   | Entered Level 6 of the Lair of Beasts
 21973 | Lair:6   | Reached ****** piety under Hepliaklqana
 22560 | Lair:6   | Reached skill level 22 in Shields
 22633 | Lair:6   | Reached skill level 10 in Fighting
 22930 | Lair:6   | Reached XP level 15. HP: 113/113 MP: 14/14
 23127 | Lair:6   | Found a staircase to the Slime Pits.
 23193 | Lair:6   | Reached skill level 10 in Armour
 23698 | Orc:1    | Entered Level 1 of the Orcish Mines
 24147 | Orc:2    | Entered Level 2 of the Orcish Mines
 24201 | Orc:2    | Noticed Azrael
 24219 | Orc:2    | Killed Azrael
 24468 | Orc:2    | Found a staircase to the Elven Halls.
 24599 | Orc:2    | Found Moqumip's General Store.
 24599 | Orc:2    | Found Wiset's Distillery.
 24828 | Orc:2    | Found a roughly hewn altar of Beogh.
 25076 | Orc:2    | Found Gecwian's Antique Armour Shop.
 25076 | Orc:2    | Found Desyudgh's Magic Scroll Emporium.
 25091 | Orc:2    | Bought a scroll of enchant weapon for 120 gold pieces
 25091 | Orc:2    | Bought a scroll of magic mapping for 56 gold pieces
 25091 | Orc:2    | Bought a scroll of brand weapon for 320 gold pieces
 25316 | Elf:1    | Entered Level 1 of the Elven Halls
 25931 | Elf:1    | Identified the cursed +1 mace of Ancient Evil {vorpal,
                  | Will- Int+5 Dex+2}
 26696 | Elf:1    | Reached skill level 23 in Shields
 26790 | Elf:1    | Found Xemev's Antique Weapon Shop.
 26958 | Elf:1    | HP: 5/119 [deep elf archer/arrow (30)]
 27548 | Elf:1    | Reached XP level 16. HP: 90/126 MP: 15/15
 27979 | Elf:1    | Identified the Papyrus of Combat Magic
 28728 | Elf:2    | Found Diprad Vaot's Distillery.
 28891 | Elf:2    | HP: 6/129 [deep elf mage/bolt of lightning (22)]
 28905 | Elf:2    | Killed from afar by a deep elf mage

Illustrated notes

Levels and vault maps discovered:
D:1:      dpeg_arrival_rhombus, layout_basic
D:2:      layout_basic, lemuel_doored_altar, minmay_lizard_king, uniq_robin,
          uniq_natasha, uniq_crazy_yiuf_cottage, uniq_terence
D:3:      layout_rooms, nicolae_overflow_hidden_temple,
          nicolae_qazlal_general_emergency, general_overflow_altar
D:4:      layout_cave_pools, overflow_temple_1_default, tgw_sif, uniq_ijyb,
          uniq_blork_the_orc, uniq_eustachio
D:5:      layout_loops_corners, kennysheep_mini_moat,
          lemuel_zombie_altar_kikubaaqudgha, basic_altar, gup_sewer_entry_bowl,
          minmay_misc_feat_tower, uniq_prince_ribbit1
D:6:      layout_loops_cross, serial_co_window_serial, co_window_paths_a,
          co_window_of_opportunity_a, co_window_of_opportunity_a,
          co_window_paths_b, co_window_corner_a, co_window_paths_a,
          co_window_cross_1, co_window_paths_c, co_window_corner_ca,
          co_window_broadway_a, co_window_unsneaky_path_b,
          co_window_unsneaky_path_a, co_window_broadway_c, glass_columns_a,
          glass_columns_a, glass_columns_b, glass_columns_a, glass_columns_a,
          chequers_serial_rivers_micro_a, minmay_misc_feat_enclosed
D:7:      layout_basic, lemuel_crystal_altar, minmay_temple_entry_from_below_a,
          serial_shops, nicolae_shop_trees
D:8:      layout_gridville, nicolae_ashenzari_panopticon,
          david_defended_altar_orc
D:9:      layout_irregular_city, lemuel_round_altar
D:10:     layout_long_grid, lair_entry_dummy, wad_floor_pattern_1
D:11:     layout_basic, minmay_between, uniq_urug
D:12:     layout_irregular_city, zombieorc1_lemuel, uniq_snorg
Temple:   minmay_temple_forest_path
Lair:1:   layout_cave_pods, gammafunk_ghost_berserking_beasts, minivault_26
Lair:2:   layout_gridlike, shoals_dummy_entry, gauntlet_entry_generic,
          minmay_lair_oklob_items, serial_bayou_pond_e
Lair:3:   mu_elephants_graveyard, layout_cellular_growth, enter_volcano_2
Lair:4:   layout_long_grid, nicolae_spider_entry_tight_spaces, disabler_island,
          lemuel_fruit_tree
Lair:5:   layout_gridlike, minmay_lair_oklob_chamber
Lair:6:   minmay_lair_end_frog_pond, layout_long_grid,
          nicolae_slime_entry_slimehenge
Orc:1:    layout_diamond_mine
Orc:2:    st_orc_town, layout_diamond_mine, uniq_azrael
Elf:1:    eino_elf_arrival_shootout, layout_geoelf_grid, serial_shops,
          shop_statue, minmay_elf_annihilation
Elf:2:    layout_onion_city, serial_shops, shop

Skill      XL: |  1  2  3  4  5  6  7  8  9 10 11 12 13 14 15 16 |
---------------+-------------------------------------------------+-----
Long Blades    | 3 4 5 6 7 9 11 13 14 | 14.0
Armour         | 5 7 9 11 | 11.9
Fighting       | 5 7 10 12 13 | 13.3
Shields        | 8 13 16 19 21 22 23 | 23.5
Maces & Flails | 1 |  1.5
Dodging        | 4 6 8 9 |  9.5
Throwing       | |  0.2

Action                   |  1- 3 |  4- 6 |  7- 9 | 10-12 | 13-15 | 16-18 || total
-------------------------+-------+-------+-------+-------+-------+-------++-------
Melee: Long sword        |    84 |   154 |   392 |   759 |   881 |       ||  2270
       Headbutt          |    12 |    26 |    86 |   205 |   341 |    36 ||   706
       Flail             |       |       |       |    26 |    36 |       ||    62
       Scimitar          |       |       |       |       |   348 |   166 ||   514
Throw: Dart              |       |       |     7 |     7 |     7 |       ||    21
Invok: Ancestor Life: Ba |       |       |       |     1 |       |       ||     1
       Recall Ancestor   |       |       |       |       |     1 |       ||     1
  Use: Potion            |       |     1 |       |     2 |       |     1 ||     4
       Scroll            |       |    11 |     2 |    14 |     6 |       ||    33
 Stab: Distracted        |       |       |     1 |     5 |    11 |       ||    17
Armor: Scale mail        |    36 |    61 |    44 |   139 |   182 |    22 ||   484
       Chain mail        |       |       |    72 |       |       |       ||    72
Dodge: Dodged            |    29 |    54 |    71 |    91 |   191 |    16 ||   452
Block: Kite shield       |    33 |    89 |   106 |       |       |       ||   228
       Tower shield      |       |       |   109 |   734 |  1164 |   114 ||  2121
       Rpst.: Long sword |     8 |    18 |    11 |    24 |    22 |       ||    83
       Scimitar          |       |       |       |       |     3 |     3 ||     6
